 Dungeon Crawl Stone Soup version 0.27-a0-1595-g0b823d0a13 (webtiles) character file.

Game seed: 1320975943991921281

50 avis the Insei (level 3, -2/24 HPs)
             Began as an Octopode Transmuter on July 20, 2021.
             Killed from afar by Sigmund (11 damage)
             ... with a puff of flame
             ... on level 2 of the Dungeon.
             The game lasted 00:10:09 (1920 turns).

avis the Insei (Octopode Transmuter)                Turns: 1920, Time: 00:10:09

Health: -2/24      AC:  2    Str: 10    XL:     3   Next: 79%
Magic:  4/6        EV: 19    Int: 15    God:
Gold:   107        SH:  0    Dex: 17    Spells: 2/6 levels left

rFire    . . .     SeeInvis .     - Unarmed
rCold    . . .     Faith    .   (shield currently unavailable)
rNeg     . . .     Spirit   .   (helmet currently unavailable)
rPois    x         Reflect  .   (no amulet)
rElec    .         Harm     .   (no ring)
rCorr    .         Rampage  .   (no ring)
Will     .....                  (no ring)
Stlth    ++........             (no ring)
HPRegen  0.08/turn              (no ring)
MPRegen  0.10/turn              (no ring)
                                (no ring)
                                (no ring)

@: spider-form (expiring)
A: venomous fangs, almost no armour, (amphibious), 8 rings, tiny, (camouflage
1), (gelatinous body 1), (nimble swimmer 1), (tentacles)
a: End Transformation


You were on level 2 of the Dungeon.
You were a venomous arachnid creature.
You visited 1 branch of the dungeon, and saw 2 of its levels.

You collected 107 gold pieces.

Inventory:

Hand Weapons
 a - a +0 dagger (melded)
Missiles
 b - 5 curare-tipped darts (quivered)
 c - 19 stones
 h - 9 bolts
 i - 22 sling bullets
Scrolls
 f - 2 scrolls of identify {unknown}
 j - a scroll of blinking {unknown}
Potions
 d - a potion of curing
 e - 2 potions of heal wounds {unknown}
 g - a potion of flight {unknown}


   Skills:
 - Level 2.0 Fighting
 - Level 2.0 Dodging
 - Level 2.0 Stealth
 * Level 3.4 Unarmed Combat
 - Level 2.0 Spellcasting
 - Level 2.0 Transmutations
 - Level 2.0 Poison Magic


You had 2 spell levels left.
You knew the following spells:

 Your Spells              Type           Power      Damage    Failure   Level
a - Beastly Appendage     Tmut           14%        N/A       24%         1
p - Spider Form           Tmut/Pois      3%         N/A       50%         3

Your spell library contained the following spells:

 Spells                   Type           Power      Damage    Failure   Level
 Wereblood                Tmut           7%         N/A       32%         2
 Ice Form                 Ice/Tmut       4%         N/A       93%         4


Dungeon Overview and Level Annotations

Branches:
Dungeon (2/15)

Altars:

Annotations:
D:2 Sigmund


Innate Abilities, Weirdness & Mutations

You are a venomous arachnid creature.
You have poisonous fangs.
You are tiny and dextrous.
Your spellcasting is less reliable in this form.
Your armour is entirely melded.
You are incapable of wielding weapons or throwing items.
You cannot wear most types of armour.
((You are amphibious.))
You can wear up to eight rings at the same time.
((Your skin changes colour to match your surroundings (Stealth+).))
((Your rubbery body absorbs attacks. (AC +1, EV +1)))
((You are camouflaged near water. (Stealth+)))
((You have tentacles for arms and can constrict up to eight enemies at once.))


Message History

You start resting.
Magic restored.
Casting: Spider Form (extremely dangerous; 28% risk of failure)
Confirm with . or Enter, or press ? or * to list all spells.
The spell is extremely dangerous to cast (28% risk of failure)!
Continue anyway?
You miscast Spider Form.
You are very lightly contaminated with residual magic.
Nothing appears to happen.
You start resting.
Your magical contamination has completely faded away.
You start resting.
Magic restored.
Casting: Spider Form (extremely dangerous; 28% risk of failure)
Confirm with . or Enter, or press ? or * to list all spells.
The spell is extremely dangerous to cast (28% risk of failure)!
Continue anyway?
You turn into a venomous arachnid creature.
Your +0 dagger melds into your body.
Sigmund shouts!
Sigmund points at you and mumbles some strange words.
The magic dart hits you! Sigmund misses you.
You hit Sigmund but do no damage. Sigmund misses you.
You hit Sigmund.
Sigmund is poisoned.
Sigmund is lightly wounded.
Sigmund drinks a potion.
Sigmund is healed!
Sigmund looks more healthy.
You hit Sigmund.
Sigmund is poisoned.
Sigmund is lightly wounded.
Sigmund points at you and mumbles some strange words.
The magic dart hits you.
You hit Sigmund.
Sigmund looks as sick as possible!
Sigmund is moderately wounded.
Your transformation is almost over.
Sigmund closely misses you.
You closely miss Sigmund.
Sigmund is heavily wounded.
You hit Sigmund.
Sigmund looks as sick as possible!
Sigmund is heavily wounded.
Sigmund points at you and mumbles some strange words.
The puff of flame hits you!
You die...

####.....##.#.#######
.....................
# #..P...#.#.###+##
###.##P......#.#....#
#.....P...P..#.#....#
#.#.##P...P..#.#....#
# #P..PP..#......####
##.#.##.#####.....##.
#.#[..s.............
#.#.##@#####.....###
#.#.##(# #.....#
#.#.##.# #.....# #.
#.#.##.# #.....#
#...#.#.##.# #.....#
#.....##.# #.....#
###.####.#####.....#
...# #...........#


You could see Sigmund (extremely poisoned).

Vanquished Creatures
  3 adders (D:2)
  4 ball pythons
  2 bats
  2 endoplasms
  3 hobgoblins (D:1)
  2 goblins (D:1)
  5 kobolds
  3 rats (D:1)
24 creatures vanquished.

Vanquished Creatures (others)
  A fungus (D:2)
  6 toadstools (D:2)
7 creatures vanquished.

Grand Total: 31 creatures vanquished

Notes
Turn   | Place    | Note
-------+----------+-------------------------------------------
     0 | D:1      | avis the Octopode Transmuter began the quest for the Orb.
     0 | D:1      | Reached XP level 1. HP: 13/13 MP: 3/3
   141 | D:1      | Reached skill level 1 in Stealth
   204 | D:1      | Reached XP level 2. HP: 8/18 MP: 3/5
   973 | D:1      | Found a faded altar of an unknown god.
   973 | D:1      | Noticed a floating eye
   978 | D:1      | Noticed a great orb of eyes
   982 | D:1      | Noticed an eye of devastation
   982 | D:1      | Noticed a floating eye
  1472 | D:2      | Reached skill level 1 in Poison Magic
  1472 | D:2      | Reached XP level 3. HP: 12/24 MP: 4/6
  1664 | D:2      | Learned a level 3 spell: Spider Form
  1734 | D:2      | Noticed Sigmund
  1920 | D:2      | Killed from afar by Sigmund

Illustrated notes

Levels and vault maps discovered:
D:1:      ncdulo_halloftheorcs, layout_basic, serial_rivers,
          chequers_serial_rivers_micro_c, chequers_serial_rivers_room_a,
          chequers_serial_rivers_small_3, chequers_serial_rivers_large_a,
          chequers_serial_rivers_small_3,
          hellmonk_ecumenical_altar_watching_god, ebering_dispersal_statue_hall,
          minmay_statues_item
D:2:      layout_basic, minmay_gold_behind_fungi, minmay_3d_cube, uniq_sigmund

Skill      XL: |  1  2  3 |
---------------+----------+-----
Stealth        | 2 |  2.0
Fighting       | 2 |  2.0
Poison Magic   | 1 2 |  2.0
Dodging        | |  2.0
Unarmed Combat | |  3.4
Spellcasting   | |  2.0
Transmutations | |  2.0

Action                   || total
-------------------------++-------
Melee: Dagger            ||    46
       Constrict         ||    14
       Kick              ||    12
       Unarmed           ||    13
       Tentacles         ||     8
       Punch             ||     1
Throw: Dart              ||     1
 Cast: Beastly Appendage ||    21
       Spider Form       ||     3
 Stab: Sleeping          ||     3
Armor: Skin              ||     4
Dodge: Dodged            ||    32

Table legend: (Time is in decaauts)
 A = Elapsed time spent in this place.
 B = Non-inter-level travel time spent in this place.
 C = Inter-level travel time spent in this place.
 D = Time resting spent in this place.
 E = Time spent auto-exploring this place.
 F = Levels seen in this place.
 G = Mean time per level.
                   A        B        C        D        E       F      G
               +--------+--------+--------+--------+--------+-----+--------+
         Total |   1920 |   1689 |    231 |    710 |    605 |   2 |  960.0 |
       Dungeon |   1920 |   1689 |    231 |    710 |    605 |   2 |  960.0 |
               +--------+--------+--------+--------+--------+-----+--------+

Top non-repeatable levels by time:
     D:1: 1344 daAuts
     D:2: 575 daAuts
